AoeStats
← 123

Fortress

508029111Analyzed
4v4 RM · 10d ago on Sep 20, 2026· 53m 39s· 8 players
Game mode
Random Map
Map size
Huge
Population
200
Speed
Normal
Resources
Standard
Victory
Conquest
Starting age
Dark Age
Ending age
Imperial Age
RankedLock teamsTeams togetherTeam positionsShared explorationLock speedFull tech treeHidden civsTurbo modeCheats
Victory
Defeat
🇺🇸 Italians · United States
1434
+11
🇨🇴 Khmer · Colombia
1296
+16
🇨🇦 Spanish · Canada
1269
+18
🇺🇾 Turks · Uruguay
1262
+18
🇺🇸 Saracens · United States
1378
-19
🇺🇸 Slavs · United States
1370
-18
🇺🇸 Lithuanians · United States
1323
-16
🇺🇸 Khmer · United States
1164
-10
jube
7:37 Feudal Age
11:44 Castle Age
9:53 Double-Bit Axe
10:02 Horse Collar
14:39 Bow Saw
15:07 Heavy Plow
18:21 Wheelbarrow
20:30 Gold Mining
20:30 Stone Mining
21:43 Hand Cart
23:18 Scale Barding Armor
23:32 Detinets
24:23 Bloodlines
24:13 Husbandry
24:05 Loom
27:15 Imperial Age
25:28 Chain Barding Armor
25:48 Forging
26:39 Caravan
27:19 Gold Shaft Mining
27:48 Masonry
29:21 Two-Man Saw
28:57 Plate Barding Armor
27:48 Elite Boyar
28:50 Conscription
28:21 Capped Ram
30:26 Iron Casting
30:06 Town Watch
31:00 Siege Ram
31:02 Heavy Scorpion
33:37 Blast Furnace
33:51 Siege Engineers
33:21 Onager
34:26 Fletching
35:40 Chemistry
35:44 Siege Onager
37:49 Hoardings
40:09 Bodkin Arrow
40:36 Ballistics
40:27 Fortified Wall
123
9:38 Feudal Age
14:41 Castle Age
13:12 Double-Bit Axe
14:48 Horse Collar
16:46 Bloodlines
16:37 Husbandry
17:52 Gold Mining
18:34 Scale Barding Armor
18:40 Forging
19:43 Bow Saw
28:37 Wheelbarrow
29:09 Gold Shaft Mining
28:25 Stone Mining
32:10 Caravan
40:48 Hand Cart
44:02 Chain Barding Armor
50:02 Imperial Age
48:10 Iron Casting
50:37 Cavalier
52:30 Conscription
Malarkey
7:55 Feudal Age
8:32 Double-Bit Axe
12:36 Castle Age
10:52 Horse Collar
13:29 Bow Saw
14:23 Wheelbarrow
15:06 Heavy Plow
17:30 Gold Mining
17:19 Light Cavalry
23:52 Imperial Age
22:21 Loom
23:17 Bloodlines
23:08 Husbandry
24:18 Hand Cart
25:17 Scale Barding Armor
25:48 Forging
27:48 Chain Barding Armor
28:02 Elite Mameluke
31:07 Iron Casting
32:10 Fletching
32:56 Conscription
32:30 Elite Skirmisher
33:59 Bodkin Arrow
34:18 Padded Archer Armor
34:42 Bracer
36:23 Chemistry
36:23 Leather Archer Armor
36:29 Ballistics
42:43 Plate Barding Armor
47:58 Siege Engineers
49:19 Blast Furnace
49:53 Ring Archer Armor
53:27 Onager
Ronald
7:57 Feudal Age
8:53 Double-Bit Axe
9:05 Horse Collar
16:14 Castle Age
21:02 Imperial Age
21:17 Stone Mining
21:18 Gold Mining
23:11 Fortified Wall
23:23 Bloodlines
23:14 Husbandry
23:25 Scale Barding Armor
27:30 Loom
29:50 Wheelbarrow
29:57 Conscription
30:39 Forging
31:25 Herbal Medicine
32:37 Elite Leitis
35:00 Treadmill Crane
35:41 Ballistics
36:22 Chemistry
35:13 Guard Tower
35:58 Hill Forts
36:45 Cavalier
38:14 Chain Barding Armor
39:11 Iron Casting
38:39 Scale Mail Armor
39:34 Plate Barding Armor
40:57 Fletching
41:09 Padded Archer Armor
42:09 Keep
41:31 Murder Holes
41:46 Masonry
47:59 Architecture
49:23 Bodkin Arrow
52:45 Bracer
53:22 Coinage
LRNI_Ghost-Jhon
8:01 Feudal Age
6:18 Loom
12:05 Castle Age
10:46 Horse Collar
10:55 Double-Bit Axe
23:12 Heavy Plow
27:43 Imperial Age
25:54 Wheelbarrow
25:52 Forging
25:32 Fletching
25:56 Scale Barding Armor
26:32 Bow Saw
26:40 Town Watch
26:28 Pikeman
26:54 Arson
27:13 Gold Mining
27:14 Stone Mining
28:19 Iron Casting
29:02 Gold Shaft Mining
29:12 Halberdier
30:10 Heavy Scorpion
32:52 Double Crossbow
33:14 Conscription
34:38 Siege Engineers
35:35 Chemistry
35:33 Stone Shaft Mining
35:42 Ballistics
36:40 Hand Cart
41:31 Elite Ballista Elephant
46:06 Blast Furnace
45:03 Bodkin Arrow
45:08 Scale Mail Armor
47:53 Bracer
48:14 Chain Barding Armor
49:44 Chain Mail Armor
LRNI MarinM
5:17 Loom
7:02 Feudal Age
9:19 Double-Bit Axe
10:14 Gold Mining
21:33 Castle Age
19:18 Horse Collar
19:30 Stone Mining
22:04 Wheelbarrow
21:27 Fletching
21:45 Town Watch
22:17 Caravan
23:25 Coinage
23:23 Bow Saw
26:19 Hand Cart
30:07 Imperial Age
28:52 Stone Shaft Mining
28:22 Heavy Plow
30:14 Bodkin Arrow
30:19 Padded Archer Armor
31:09 Silk Road
31:12 Conscription
32:28 Guilds
33:01 Banking
33:42 Hoardings
33:28 Fortified Wall
33:24 Elite Genoese Crossbowman
34:34 Town Patrol
34:52 Leather Archer Armor
34:40 Bracer
35:01 Ballistics
35:40 Masonry
36:49 Ring Archer Armor
37:24 Chemistry
36:54 Treadmill Crane
40:35 Two-Man Saw
40:09 Crop Rotation
40:25 Pirotechnia
40:37 Thumb Ring
42:21 Architecture
44:52 Crossbowman
45:35 Squires
45:22 Arson
49:32 Onager
LRNI_Bélico
7:41 Feudal Age
8:10 Feudal Age
6:56 Loom
11:49 Castle Age
9:48 Double-Bit Axe
11:12 Horse Collar
15:03 Bow Saw
19:16 Wheelbarrow
19:32 Heavy Plow
20:10 Loom
21:35 Hand Cart
22:32 Gold Mining
22:29 Town Watch
27:29 Imperial Age
25:41 Scale Mail Armor
25:59 Masonry
26:10 Ballistics
26:03 Fortified Wall
26:14 Town Patrol
26:57 Chain Mail Armor
26:53 Forging
26:45 Squires
27:06 Pikeman
27:43 Halberdier
28:55 Plate Mail Armor
29:42 Chemistry
29:13 Architecture
30:04 Iron Casting
30:18 Padded Archer Armor
34:35 Blast Furnace
33:51 Leather Archer Armor
33:43 Arson
34:23 Murder Holes
35:14 Conscription
35:21 Supremacy
35:38 Hoardings
39:34 Ring Archer Armor
38:55 Fletching
39:15 Scale Barding Armor
41:48 Bodkin Arrow
42:16 Chain Barding Armor
45:20 Guilds
47:47 Bracer
48:23 Plate Barding Armor
48:29 Gambesons
49:22 Light Cavalry
50:03 Husbandry
50:14 Bloodlines
52:19 Caravan
52:50 Coinage
LRNI Michel
9:57 Feudal Age
13:43 Castle Age
17:33 Imperial Age
17:34 Padded Archer Armor
28:21 Leather Archer Armor
33:13 Ring Archer Armor
Connection lost

Rejoining the realm…

Still unreachable

The connection could not be restored.

Session expired

The server has moved on; the page needs a fresh start.